[Event "3rd Manaus Open 2024"]
[Site "Manaus"]
[Date "2024.10.14"]
[Round "4.5"]
[White "Perdomo, Leandro"]
[Black "Rodriguez Vila, Andres"]
[Result "1-0"]
[ECO "A44"]
[WhiteElo "2356"]
[BlackElo "2419"]
[Annotator "RC"]
[PlyCount "66"]
[EventDate "2024.10.05"]
[EventType "swiss"]
[EventCountry "BRA"]
[SourceTitle "playchess.com"]
[Source "ChessBase"]
[SourceQuality "1"]
[TimeControl "5400+30"]

1. d4 g6 2. e4 Bg7 3. c4 c5 4. d5 d6 5. Nf3 Bg4 6. Be2 e5 7. Nc3 Ne7 8. h4 Nd7 9. Be3 h6 10. Nd2 Bxe2 11. Qxe2 f5 12. f3 f4 13. Bf2 O-O 14. a3 Kh7 15. b4 b6 16. Kd1 Ng8 17. h5 gxh5 18. Rxh5 Ngf6 19. Rh2 cxb4 20. axb4 a5 21. b5 Rg8 22. Nf1 Rc8 23. Na4 Qc7 24. Rc1 Nc5 25. Nxc5 dxc5 26. g4 fxg3 27. Nxg3 Ne8 28. Be3 Nd6 29. Qd2 Qf7 30. Bxh6 Qxf3+ 31. Kc2 Rh8 32. Qg5 Qxg3 33. Qxg3 Rhg8 1-0

[Event "3rd Manaus Open 2024"]
[Site "Manaus"]
[Date "2024.10.14"]
[Round "4.6"]
[White "Casalaspro, Mathias Andre"]
[Black "Fier, Alexandr"]
[Result "1/2-1/2"]
[ECO "B31"]
[WhiteElo "2187"]
[BlackElo "2539"]
[Annotator "RC"]
[PlyCount "106"]
[EventDate "2024.10.05"]
[EventType "swiss"]
[EventCountry "BRA"]
[SourceTitle "playchess.com"]
[Source "ChessBase"]
[SourceQuality "1"]
[TimeControl "5400+30"]

1. e4 c5 2. Nf3 Nc6 3. Bb5 g6 4. O-O Bg7 5. Re1 e5 6. Bxc6 dxc6 7. d3 Qc7 8. a4 a5 9. Na3 Nf6 10. Nc4 Nd7 11. b3 Nf8 12. Bb2 f6 13. h3 Ne6 14. c3 O-O 15. g3 Bd7 16. h4 Rad8 17. Qe2 Be8 18. Qe3 b6 19. d4 cxd4 20. cxd4 exd4 21. Nxd4 Nxd4 22. Bxd4 c5 23. Bc3 Bc6 24. Qf4 Qxf4 25. gxf4 Rd3 26. Re3 Rfd8 27. Rae1 Rxe3 28. Rxe3 Bh6 29. Bxf6 Rd1+ 30. Kg2 Bxf4 31. Re2 Bc7 32. f3 Kf7 33. Be5 Bd8 34. Bc3 Ke8 35. Rd2 Rb1 36. Bb2 Bxh4 37. Nxb6 g5 38. Nc4 g4 39. Ne5 gxf3+ 40. Kxf3 Bb7 41. Nc4 Ba8 42. Rh2 Rf1+ 43. Ke2 Rf4 44. Nd6+ Kd7 45. Be5 Rg4 46. Kf3 h5 47. Bf4 Bd8 48. Nf7 Bc7 49. Bxc7 Rxe4 50. Bf4 Re7+ 51. Kg3 Rxf7 52. Rxh5 Rg7+ 53. Rg5 Rxg5+ 1/2-1/2

[Event "3rd Manaus Open 2024"]
[Site "Manaus"]
[Date "2024.10.14"]
[Round "4.7"]
[White "Cueto, Jonny"]
[Black "Santiago, Yago De Moura"]
[Result "0-1"]
[ECO "A01"]
[WhiteElo "2099"]
[BlackElo "2460"]
[Annotator "TA"]
[PlyCount "112"]
[EventDate "2024.10.05"]
[EventType "swiss"]
[EventCountry "BRA"]
[SourceTitle "playchess.com"]
[Source "ChessBase"]
[SourceQuality "1"]
[TimeControl "5400+30"]

1. b3 d5 2. Bb2 e6 3. f4 Nf6 4. Nf3 a5 5. a3 a4 6. b4 {[%emt 0:00:31] A01: Nimzowitsch-Larsen Opening.} c5 {[%emt 0:00:07] Beste (Gemakkelijk)} 7. bxc5 $146 ({Predecessor:} 7. e3 Qb6 8. Nc3 Bd7 9. Ne5 d4 10. exd4 cxb4 11. Nxd7 Nbxd7 12. Nb5 Ra5 13. Qe2 {1-0 Khalikian,O-Katalymov,B (2415) Yerevan 1977 (11)}) 7... Bxc5 8. e3 {[%emt 0:00:07] OK. De stelling is in evenwicht.} Nc6 {[%emt 0:02:00] OK} 9. Bb5 {[%emt 0:04:16] OK} O-O {[%emt 0:05:00] OK} 10. Nc3 {[%emt 0:03:56] Fout (0.8)} (10. Qe2 $11) 10... Qb6 $17 {[%emt 1:24:26] Beste (Gemakkelijk)} 11. d4 {[%emt 0:04:47] Beste} Bd6 {[%emt 0:00:00] Fout (1.1)} (11... Be7 $17 {Dreigt te winnen met ...Ra5.} 12. O-O Ne4) 12. Rb1 {[%emt 0:04:11] [#] blijft gelijk. Fout (0.8)} (12. O-O $1 $11) 12... Ne4 $1 {[%emt 0:00:00][%cal Od6a3] Sterk} {Beter is} 13. Nxe4 {[%emt 0:20:57] Fout (1.2)} (13. O-O $15) 13... dxe4 $19 14. Bxc6 {[%emt 0:00:01] OK} Qxc6 (14... bxc6 15. Bc3 Qd8 16. Ne5) 15. Nd2 {[%emt 0:00:04] OK} b5 {[%emt 0:00:00] OK} 16. O-O {[%emt 0:01:40] OK} {Zwart zou moeten proberen} Qd5 {[%emt 0:00:00] Fout (1.0)} (16... Ba6 $19 {Wit moet nu ...b4 voorkomen.} 17. Rf2 Rac8) 17. c4 {[%emt 0:12:28] was de enige verdediging. Fout (0.8)} bxc4 {[%emt 0:00:00][%cal Oc4c3] Beste (Gemakkelijk)} 18. Qc2 {[%emt 0:00:01] [#] is een betere verdediging. Fout (1.1)} (18. Bc3) 18... c3 $1 {[%emt 0:00:00][%mdl 512] OK} 19. Bxc3 {[%emt 0:00:01] OK} Ba6 {[%emt 0:00:00] OK} (19... Bxa3 20. Ra1 Be7 21. Rxa4 $17) 20. Nxe4 {[%emt 0:00:12] OK} Bxf1 {[%emt 0:00:00] OK} ({Minder sterk is} 20... Bxa3 21. Ng5 f5 22. Rfe1 $19) 21. Nxd6 {[%emt 0:00:14] OK} Bxg2 {[%emt 0:00:00] OK} (21... Qxd6 22. Bb4 Qa6 23. Rxf1 $17 (23. Bxf8 $2 {te hebberig.} Bd3 $19)) 22. Qxg2 Qxd6 {[%emt 0:00:00] OK} 23. Bb4 Rab8 24. Ra1 {[%emt 0:09:29] OK} ({Natuurlijk niet} 24. Bxd6 Rxb1+ 25. Kf2 Rb2+ 26. Kg3 Rxg2+ 27. Kxg2 Rd8) 24... Rxb4 {[%emt 0:00:00] OK} 25. axb4 Qxb4 {[%emt 0:00:00][%mdl 4096] Eindspel. KQR-KQR} 26. Qc2 Qb3 {[%emt 0:00:00] OK} 27. Qxb3 axb3 {[%emt 0:00:00] KR-KR} 28. Rb1 Rb8 {[%emt 0:00:00] OK} 29. Rb2 f5 {[%emt 0:00:00] OK} 30. Kf2 {[%emt 0:01:10] OK} Kf7 {[%emt 0:00:00] OK} 31. Ke2 {[%emt 0:00:05] [#] OK} g5 $1 {[%emt 0:00:00][%mdl 512] OK} 32. fxg5 {[%emt 0:01:41] OK} Kg6 {[%emt 0:00:00] Beste (Gemakkelijk)} 33. h4 $2 {[%emt 0:01:48] Zal wellicht voordeliger blijken. Fout (2.6)} (33. Kd1) 33... Kh5 {[%emt 0:00:00] Beste (Gemakkelijk)} 34. Kf3 {[%emt 0:00:11] OK} Kxh4 {[%emt 0:00:00] OK} 35. Kf4 {[%emt 0:00:02] OK} Kh3 {[%emt 0:07:30] Ontwijkt Rh2+} 36. d5 exd5 37. Kxf5 {[%emt 0:00:10] Beste} Kg3 {[%emt 0:01:22] ...Kf3 is de sterke dreiging. OK} 38. Ke5 {[%emt 0:00:33] Beste} Rb5 {[%emt 0:03:13] Sterke dreiging met ...Kg4. OK} 39. Kd6 $2 {[%emt 0:05:02] Fout (16.8)} (39. Kd4) 39... Kf3 {[%emt 0:00:16] Beste} 40. Kc6 {[%emt 0:00:01] OK} Rb8 41. Kxd5 Kxe3 42. Kc4 Kf4 43. Kc3 Kxg5 44. Rg2+ Kf4 45. Kb2 h5 46. Rg7 h4 47. Rf7+ Kg3 48. Rg7+ Kh2 49. Rg4 h3 50. Rg7 Kh1 51. Rg3 h2 {[%emt 0:00:08] ( -> ...Rf8)} 52. Rg7 Rf8 {[%emt 0:00:10] Zwart zet mat.} 53. Kxb3 Rf1 54. Kc2 Rg1 55. Rh7 Kg2 56. Rg7+ Kf3 {[%emt 0:00:05] Blunder waarde: Wit=0.71/Zwart=0.10 (erg precies) .  Fout:        	Wit=7      	Zwart=2      OK:         	Wit=15     	Zwart=17     Beste:        	Wit=3      	Zwart=6      Sterk:        	---       	Zwart=1} 0-1

[Event "3rd Manaus Open 2024"]
[Site "Manaus"]
[Date "2024.10.14"]
[Round "4.8"]
[White "Zanette, Edgard Vinicius"]
[Black "Cubas, Jose Fernando"]
[Result "0-1"]
[ECO "D00"]
[WhiteElo "2064"]
[BlackElo "2412"]
[Annotator "RC"]
[PlyCount "60"]
[EventDate "2024.10.05"]
[EventType "swiss"]
[EventCountry "BRA"]
[SourceTitle "playchess.com"]
[Source "ChessBase"]
[SourceQuality "1"]
[TimeControl "5400+30"]

1. d4 d5 2. Bf4 Nf6 3. Nc3 e6 4. e3 a6 5. a3 Bd6 6. Nf3 Bxf4 7. exf4 Qd6 8. Ne5 c5 9. dxc5 Qxc5 10. Bd3 Nc6 11. Nxc6 bxc6 12. O-O Qd6 13. Qf3 O-O 14. Rfe1 Rb8 15. g4 g6 16. b4 c5 17. bxc5 Qxc5 18. Ne2 Ne4 19. Qe3 Qc7 20. Nd4 a5 21. Rab1 Bd7 22. Bxe4 dxe4 23. Qxe4 Rxb1 24. Rxb1 Qc4 25. g5 Rd8 26. Rb3 Ba4 27. Rd3 Bxc2 28. Nxe6 Qxd3 29. Qe5 Qd1+ 30. Kg2 Qg4+ 0-1

[Event "3rd Manaus Open 2024"]
[Site "Manaus"]
[Date "2024.10.14"]
[Round "4.9"]
[White "Carvalho, Felipe Lobo C."]
[Black "Do Valle Cardoso, Lucas"]
[Result "0-1"]
[ECO "D02"]
[WhiteElo "2062"]
[BlackElo "2375"]
[Annotator "RC"]
[PlyCount "60"]
[EventDate "2024.10.05"]
[EventType "swiss"]
[EventCountry "BRA"]
[SourceTitle "playchess.com"]
[Source "ChessBase"]
[SourceQuality "1"]
[TimeControl "5400+30"]

1. d4 d5 2. Bf4 c5 3. e3 Nc6 4. Nf3 Nf6 5. c3 Qb6 6. Qb3 c4 7. Qc2 Bf5 8. Qc1 e6 9. h3 Be7 10. Nbd2 O-O 11. Be2 Rfc8 12. O-O Qd8 13. Nh4 Be4 14. Nhf3 Bg6 15. Nh4 Bh5 16. g4 Bg6 17. Nxg6 hxg6 18. Qc2 b5 19. e4 dxe4 20. Nxe4 Nd5 21. Qd2 f5 22. Nc5 e5 23. Bh2 Bg5 24. Qd1 e4 25. gxf5 gxf5 26. Ne6 Qf6 27. Nxg5 Qxg5+ 28. Kh1 Qh4 29. Rg1 Qxf2 30. Rg2 Qxg2+ 0-1

[Event "3rd Manaus Open 2024"]
[Site "Manaus"]
[Date "2024.10.14"]
[Round "4.10"]
[White "Pinero Rodriguez, Carlos Jose"]
[Black "McDonald, Ian"]
[Result "0-1"]
[ECO "D15"]
[WhiteElo "2305"]
[BlackElo "1923"]
[Annotator "RC"]
[PlyCount "72"]
[EventDate "2024.10.05"]
[EventType "swiss"]
[EventCountry "BRA"]
[SourceTitle "playchess.com"]
[Source "ChessBase"]
[SourceQuality "1"]
[TimeControl "5400+30"]

1. d4 d5 2. c4 c6 3. Nf3 Nf6 4. Nc3 Ne4 5. cxd5 cxd5 6. Qa4+ Nc6 7. Ne5 Nxc3 8. bxc3 Qa5 9. Qxa5 Nxa5 10. e4 e6 11. Bb5+ Nc6 12. exd5 exd5 13. O-O a6 14. Ba4 b5 15. Bb3 Ne7 16. Re1 Be6 17. a4 b4 18. cxb4 Nf5 19. Nc6 Kd7 20. Ne5+ Kc7 21. Bf4 Kb7 22. Rec1 Nxd4 23. Bd1 Bd6 24. Nd3 Bxf4 25. Nxf4 Rac8 26. Nd3 Rc4 27. Nc5+ Ka7 28. Rxc4 dxc4 29. Rc1 Rc8 30. Rc3 a5 31. Nxe6 fxe6 32. b5 Kb6 33. Kf1 Kc5 34. Rc1 Kb4 35. b6 Rb8 36. Rb1+ Nb3 0-1

[Event "3rd Manaus Open 2024"]
[Site "Manaus"]
[Date "2024.10.12"]
[Round "5"]
[White "De Pontes e Souza, Jose Geraldo"]
[Black "Pinero Rodriguez, Carlos Jose"]
[Result "0-1"]
[ECO "B43"]
[WhiteElo "1837"]
[BlackElo "2305"]
[Annotator "RC"]
[PlyCount "88"]
[EventDate "2024.10.05"]
[EventType "swiss"]
[EventCountry "BRA"]
[SourceTitle "playchess.com"]
[Source "ChessBase"]
[SourceQuality "1"]
[TimeControl "5400+30"]

1. e4 c5 2. Nf3 e6 3. d4 cxd4 4. Nxd4 a6 5. a3 Qc7 6. Nc3 Nf6 7. Bd3 b5 8. O-O h5 9. h3 Bb7 10. Qe2 d6 11. f4 Nbd7 12. Nf3 h4 13. Kh1 Nh5 14. Qf2 Ng3+ 15. Kg1 Nxf1 16. Kxf1 Be7 17. Be3 Rc8 18. Re1 Nc5 19. f5 e5 20. Bg5 Bxg5 21. Nxg5 Nxd3 22. cxd3 Qc5 23. Re3 Rh5 24. Nf3 a5 25. Re2 Qb4 26. axb4 axb4 27. Nd1 Ba6 28. Rd2 f6 29. Ne3 b3 30. Ne1 Rc2 31. Nd5 Rc1 32. Nc3 Ke7 33. Ke2 Bb7 34. Nf3 Rh8 35. d4 Rxc3 36. bxc3 Bxe4 37. dxe5 dxe5 38. Rb2 Bxf3+ 39. Ke1 Rc8 40. Qxf3 Rb8 41. Qe3 Kd6 42. Qd3+ Kc5 43. Rb1 Rd8 44. Qe3+ Kc4 0-1

[Event "3rd Manaus Open 2024"]
[Site "Manaus"]
[Date "2024.10.14"]
[Round "5.1"]
[White "Molina, Roberto Junio Brito"]
[Black "Leitao, Rafael"]
[Result "1/2-1/2"]
[ECO "E15"]
[WhiteElo "2381"]
[BlackElo "2592"]
[Annotator "TA"]
[PlyCount "103"]
[EventDate "2024.10.05"]
[EventType "swiss"]
[EventCountry "BRA"]
[SourceTitle "playchess.com"]
[Source "ChessBase"]
[SourceQuality "1"]
[TimeControl "5400+30"]

1. d4 Nf6 2. c4 e6 3. Nf3 b6 4. g3 Ba6 5. Nbd2 Bb7 6. Bg2 Be7 7. O-O O-O 8. b3 c5 9. Bb2 cxd4 10. Nxd4 Bxg2 11. Kxg2 d5 12. e3 dxc4 13. Nxc4 Qd5+ {[%emt 0:00:26] White has an edge.} 14. Qf3 Rc8 (14... Qxf3+ {simplifies} 15. Kxf3 Rc8 16. Rfd1 Nbd7) 15. Rfd1 Qxf3+ 16. Kxf3 Nbd7 17. Rac1 a6 18. Ke2 Ra7 19. f3 Rac7 20. e4 Kf8 21. Ne3 Rxc1 {[%emt 0:01:59] The position is equal.} 22. Rxc1 Rxc1 23. Bxc1 Nb8 24. Nc4 Nfd7 25. Be3 Bc5 26. f4 Ke7 27. e5 f6 28. exf6+ Nxf6 29. Nc2 Bxe3 30. N2xe3 $11 {[%emt 0:00:11][%mdl 4096] Endgame. KNN-KNN} Nfd7 31. Nd2 Nc6 32. Ne4 Nf6 33. Nxf6 gxf6 {[%emt 0:00:10] KN-KN} 34. g4 b5 35. Nc2 Kd6 36. Kd3 f5 37. g5 e5 38. Ke3 Ke6 39. h4 Ne7 {[%emt 0:00:54] ...Nd5+ would now be deadly.} 40. fxe5 Kxe5 41. Nb4 f4+ 42. Kf3 Kf5 43. Nxa6 Nc6 44. Nc7 Nd4+ 45. Kf2 Kg4 46. Nd5 Kxh4 47. Nxf4 Kxg5 48. Ke3 Nc2+ 49. Kf3 b4 50. Nd3 h5 51. Kg3 Kf5 52. Kh4 {[%emt 0:01:37] Weighted Error Value: White=0.05 (flawless) /Black=0.02 (flawless) .  OK:         	White=16    	Black=24     Best:        	White=1     	Black=1} 1/2-1/2

[Event "3rd Manaus Open 2024"]
[Site "Manaus"]
[Date "2024.10.14"]
[Round "5.2"]
[White "Santiago, Yago De Moura"]
[Black "Perdomo, Leandro"]
[Result "1/2-1/2"]
[ECO "E93"]
[WhiteElo "2460"]
[BlackElo "2356"]
[Annotator "TA"]
[PlyCount "55"]
[EventDate "2024.10.05"]
[EventType "swiss"]
[EventCountry "BRA"]
[SourceTitle "playchess.com"]
[Source "ChessBase"]
[SourceQuality "1"]
[TimeControl "5400+30"]

1. d4 {[%emt 0:00:05] Mikhalevski,Victor} Nf6 2. c4 g6 3. Nc3 Bg7 4. e4 d6 5. Nf3 O-O 6. Be2 e5 7. d5 Nbd7 8. Qc2 a5 9. h3 {[%emt 0:00:20] E93: Konings-Indisch: Klassiek: Petrosian Systeem met 7...Pbd7.} Nh5 10. g3 {[%emt 0:02:31] Tegen Nf4. Wit is actiever. OK} Nc5 {[%emt 0:00:00] OK} 11. Be3 {[%emt 0:20:08] OK. Wit staat iets beter.} f5 {[%emt 0:00:00] OK} 12. Nd2 {[%emt 0:10:38] OK} Nf6 {[%emt 0:00:00] Onnauwkeurig} 13. O-O-O $1 {[%emt 0:10:20] Sterk} b6 14. h4 $146 ({Predecessor:} 14. Rdg1 f4 15. Bxc5 bxc5 16. g4 Bd7 17. g5 Nh5 18. Bg4 f3 19. Bxf3 Nf4 20. Bg4 Bxg4 21. Rxg4 {1-0 Vallejo Pons,F (2681)-Radjabov,T (2682) ESP-chT Honor Gp2 49th 2005 (1)}) 14... h5 {[%emt 0:00:00] Onnauwkeurig} 15. f3 {[%emt 0:10:51] OK} Qe8 16. Bxc5 {[%emt 0:10:30] Onnauwkeurig} bxc5 17. Bd3 {[%emt 0:00:16] Onnauwkeurig} Bh6 18. exf5 Bxf5 {[%emt 0:00:00] Onnauwkeurig} 19. Kb1 {[%emt 0:04:15] OK} ({Veel zwakker is} 19. Bxf5 gxf5 20. Kb1 (20. Qxf5 Ng4 $17) 20... Qg6 $15) 19... Rb8 {[%emt 0:00:00][%cal Oe5e4] [#] OK} (19... Bxd2 $5 {vereenvoudigt} 20. Rxd2 Qd7 21. a4 Kg7) 20. g4 $2 {[%emt 0:05:42] Verliest partij (2.3)} Bxd3 21. Qxd3 {[%emt 0:00:02] g5 is de sterke dreiging.} e4 22. Ndxe4 {[%emt 0:14:15] OK} (22. Ncxe4 Nxe4 23. Qxe4 (23. Nxe4 hxg4 24. Rhe1 Qd7 $11) 23... Qxe4+ 24. Nxe4 Rxf3 $19 (24... Bg7 $2 25. Rd2 $19)) 22... Nxe4 23. Qxe4 Qxe4+ 24. Nxe4 Bg7 {[%emt 0:01:07][%cal Rb8b2] Onnauwkeurig} {Wit zou moeten proberen} 25. b3 {[%emt 0:00:50] [#] Fout (0.5)} (25. Rd2 $1 $15) {Zwart zou moeten spelen} 25... hxg4 {[%emt 0:05:31] Fout (1.0)} ({Neem niet} 25... Rxf3 26. gxh5 a4 27. Rhf1 Rxf1 28. Rxf1 $11) (25... a4 $1 $17 26. Nd2 axb3 27. axb3 hxg4 28. fxg4 Ra8) 26. fxg4 $11 {[%emt 0:06:05] De stelling is in evenwicht.} Rf4 27. Rde1 {[%emt 0:00:30] OK} a4 {[%cal Ra4b3] OK} 28. Nd2 $2 {[%emt 0:00:30][%mdl 40960] Wit staat stabiel.   Blunder waarde: Wit=0.28 (precies) /Zwart=0.22 (precies) . Verliest partij (3.3).  Verliest partij:   	Wit=2      	---        Fout:        	Wit=1      	Zwart=1      Onnauwkeurig:    	Wit=2      	Zwart=4      OK:         	Wit=7      	Zwart=4      Sterk:        	Wit=1      	---       . Een verassend resultaat.} (28. Kc2 $1 $11) 1/2-1/2

[Event "3rd Manaus Open 2024"]
[Site "Manaus"]
[Date "2024.10.14"]
[Round "5.3"]
[White "Do Valle Cardoso, Lucas"]
[Black "Di Berardino, Diego Rafael"]
[Result "1/2-1/2"]
[ECO "C02"]
[WhiteElo "2375"]
[BlackElo "2479"]
[Annotator "RC"]
[PlyCount "54"]
[EventDate "2024.10.05"]
[EventType "swiss"]
[EventCountry "BRA"]
[SourceTitle "playchess.com"]
[Source "ChessBase"]
[SourceQuality "1"]
[TimeControl "5400+30"]

1. e4 e6 2. d4 d5 3. e5 c5 4. c3 Nc6 5. Nf3 Bd7 6. dxc5 Bxc5 7. b4 Bb6 8. b5 Na5 9. Bd3 Qc7 10. Qe2 Ne7 11. O-O Ng6 12. Re1 Nc4 13. Bxc4 Qxc4 14. Qxc4 dxc4 15. a4 a6 16. bxa6 Rxa6 17. Nbd2 Bxa4 18. Nxc4 Bc5 19. Ba3 Bxa3 20. Rxa3 O-O 21. Nd6 b5 22. Nd4 Nxe5 23. N6xb5 Nc4 24. Raa1 e5 25. Nc7 Ra5 26. Nf5 Rd8 27. Nd5 f6 1/2-1/2

[Event "3rd Manaus Open 2024"]
[Site "Manaus"]
[Date "2024.10.14"]
[Round "5.4"]
[White "Matsuura, Everaldo"]
[Black "Flom, Gabriel"]
[Result "1-0"]
[ECO "B22"]
[WhiteElo "2357"]
[BlackElo "2460"]
[Annotator "TA"]
[PlyCount "75"]
[EventDate "2024.10.05"]
[EventType "swiss"]
[EventCountry "BRA"]
[SourceTitle "playchess.com"]
[Source "ChessBase"]
[SourceQuality "1"]
[TimeControl "5400+30"]

1. e4 c5 2. Nf3 e6 3. c3 Nf6 4. e5 Nd5 5. d4 cxd4 6. cxd4 d6 7. Bc4 Be7 8. O-O O-O 9. Qe2 b6 10. Rd1 {[%emt 0:02:59] The position is equal.} Bb7 11. Bd2 Nd7 12. Nc3 Nxc3 13. Bxc3 dxe5 14. d5 e4 $2 15. dxe6 $18 exf3 16. exf7+ ({Resist} 16. gxf3 Bc6 17. exd7 Bg5 (17... Bxd7 $2 18. Rd5 $18)) 16... Kh8 17. Qe6 Bc8 18. Bb5 $2 (18. Qe4 $18 {Threatens to win with Bd3.} Bf6 19. Qxa8 Bxc3 20. bxc3) 18... Bf6 $1 $14 {[%emt 0:00:00] aiming for ...Bxc3.} 19. Bxd7 {[%emt 0:01:30] Black is weak on the light squares} Bxc3 20. bxc3 Qg5 {[%emt 0:00:00] Black is now going downhill.} (20... fxg2 $14 21. Bxc8 Qxc8) 21. g3 $16 {[%emt 0:01:54] Active counter play!} Qh5 22. Bxc8 $1 Raxc8 23. Rd7 $40 {[%emt 0:00:50][%mdl 128] Rad1 is the strong threat. White has strong attack.} Rxc3 (23... Qh6 $16 24. Qg4 Rxc3) 24. Rad1 $18 ({Less strong is} 24. Rxa7 Qc5 25. Rf1 Rc1 $14) 24... Rcc8 {[%emt 0:00:00] Prevents Rd8} 25. h4 $1 a5 $2 (25... Qg6 26. Qxg6 hxg6) 26. Qxb6 $2 (26. Re7) 26... Qf5 27. Kh2 {[%emt 0:06:26] Prevents Qh3+} Rxf7 $2 (27... a4 $18 28. R1d5 Qf6) 28. Rxf7 {[%emt 0:00:45] White mates.} Qxf7 {[%emt 0:00:00] [#]} 29. Rd8+ $1 (29. Qxa5 h6 30. Rd8+ Rxd8 31. Qxd8+ Kh7 $11) 29... Rxd8 30. Qxd8+ Qg8 {[%emt 0:00:00] [#]} 31. Qxg8+ $1 Kxg8 {[%emt 0:00:00] KP-KP} 32. g4 Kf7 33. Kg3 Ke6 34. Kxf3 Kd5 35. Ke3 Kc4 36. f4 a4 37. Ke4 a3 38. f5 {[%emt 0:00:20] Weighted Error Value: White=0.41/Black=0.48.  Loses game:     	---       	Black=1      Missed win:     	White=1     	---        Mistake:       	White=1     	Black=4      Inaccurate:     	---       	Black=1      OK:         	White=8     	Black=7      Best:        	White=2     	Black=2      Strong:       	White=1     	Black=1} 1-0

[Event "3rd Manaus Open 2024"]
[Site "Manaus"]
[Date "2024.10.14"]
[Round "5.5"]
[White "Hoffman, Alejandro"]
[Black "Cubas, Jose Fernando"]
[Result "1/2-1/2"]
[ECO "A26"]
[WhiteElo "2356"]
[BlackElo "2412"]
[Annotator "RC"]
[PlyCount "99"]
[EventDate "2024.10.05"]
[EventType "swiss"]
[EventCountry "BRA"]
[SourceTitle "playchess.com"]
[Source "ChessBase"]
[SourceQuality "1"]
[TimeControl "5400+30"]

1. g3 e5 2. Bg2 Nf6 3. d3 Nc6 4. c4 g6 5. Nc3 Bg7 6. e4 O-O 7. Nge2 d6 8. h3 Nd7 9. O-O Nc5 10. Be3 Nd4 11. f4 a5 12. Qd2 c6 13. Rf2 Be6 14. Kh2 f5 15. exf5 Bxf5 16. Bxd4 exd4 17. Ne4 Qe7 18. Nxc5 dxc5 19. Rd1 Rae8 20. Nc1 Qc7 21. Re2 g5 22. Rde1 Re3 23. Rxe3 dxe3 24. Qxe3 gxf4 25. Qxf4 Qxf4 26. gxf4 Bxb2 27. Nb3 Bxd3 28. Nxc5 Bxc4 29. Nxb7 Bd5 30. Bxd5+ cxd5 31. Nxa5 Bc3 32. Rg1+ Kh8 33. Nc6 d4 34. Ne5 Rxf4 35. Rg4 Rf5 36. Nd3 Ra5 37. Rg2 h6 38. Kg3 Rg5+ 39. Kf3 Rf5+ 40. Ke4 Ra5 41. Nf4 Ra8 42. Nd5 Ba1 43. h4 Ra4 44. Kd3 Ra3+ 45. Kc4 d3 46. Rd2 Ra4+ 47. Nb4 Bf6 48. Kb5 Ra3 49. h5 Bc3 50. Rxd3 1/2-1/2

[Event "3rd Manaus Open 2024"]
[Site "Manaus"]
[Date "2024.10.14"]
[Round "5.6"]
[White "McDonald, Ian"]
[Black "Fier, Alexandr"]
[Result "0-1"]
[ECO "B80"]
[WhiteElo "1923"]
[BlackElo "2539"]
[Annotator "RC"]
[PlyCount "84"]
[EventDate "2024.10.05"]
[EventType "swiss"]
[EventCountry "BRA"]
[SourceTitle "playchess.com"]
[Source "ChessBase"]
[SourceQuality "1"]
[TimeControl "5400+30"]

1. e4 c5 2. Nf3 e6 3. d4 cxd4 4. Nxd4 Nf6 5. Nc3 d6 6. Be3 Nc6 7. f3 Be7 8. Qd2 O-O 9. g4 a6 10. h4 Nd7 11. O-O-O Nde5 12. Qg2 Nxd4 13. Bxd4 Nc6 14. Be3 b5 15. Kb1 Qa5 16. g5 b4 17. Ne2 d5 18. exd5 Rd8 19. d6 Rxd6 20. Rxd6 Bxd6 21. Nc1 Bb7 22. Nb3 Qc7 23. Qf2 Ne5 24. Bb6 Qb8 25. Be2 Bd5 26. Rd1 a5 27. Nd2 Ng6 28. Ne4 Be5 29. Qc5 Nxh4 30. Bxa5 Nf5 31. c4 bxc3 32. Nxc3 Bd4 33. Qb4 Qe5 34. Nxd5 Qxd5 35. Bd3 Qxf3 36. Qb3 Be5 37. Qc2 Rb8 38. Bxf5 Rxb2+ 39. Qxb2 Qxd1+ 40. Qc1 Qxc1+ 41. Kxc1 exf5 42. Bb6 Kf8 0-1

[Event "3rd Manaus Open 2024"]
[Site "Manaus"]
[Date "2024.10.14"]
[Round "5.7"]
[White "Zallio, Luciano de Souza"]
[Black "Quintiliano, Renato R."]
[Result "0-1"]
[ECO "A38"]
[WhiteElo "2114"]
[BlackElo "2513"]
[Annotator "TA"]
[PlyCount "92"]
[EventDate "2024.10.05"]
[EventType "swiss"]
[EventCountry "BRA"]
[SourceTitle "playchess.com"]
[Source "ChessBase"]
[SourceQuality "1"]
[TimeControl "5400+30"]

1. Nf3 Nf6 2. c4 g6 3. b3 Bg7 4. Bb2 O-O 5. g3 d6 6. Bg2 e5 7. d3 c5 8. O-O Nc6 9. Nc3 h6 10. Re1 Be6 11. Nd2 d5 12. cxd5 {[%emt 0:00:00] The position is equal.} Nxd5 13. Nxd5 Bxd5 14. Bxd5 Qxd5 15. Qc2 b6 16. Qc4 Qd7 17. Rad1 Kh7 18. Kg2 Rac8 19. Rc1 f5 20. Qc2 Rfd8 21. Rcd1 Qe7 (21... Nd4 {feels hotter.} 22. Qb1 Rf8 23. Rc1 Rfe8) 22. h4 Rf8 23. Qb1 Rcd8 24. Bc3 Qf7 25. Bb2 Rd5 26. Rf1 Re8 27. Nc4 Rd7 28. Kg1 b5 29. Nd2 {[%emt 0:00:00] [#]} e4 {[%emt 0:00:00] Black is more active.} 30. dxe4 $11 Bxb2 31. Qxb2 fxe4 32. Nb1 $2 {[%emt 0:02:04] [#] This move loses the game for White.} (32. f3 $11 Red8 33. Qc1 (33. fxe4 Qe6 $19)) 32... Rxd1 $1 $19 33. Rxd1 e3 34. f3 b4 {[%emt 0:00:00] Wards off Nc3} 35. Qc1 {[%emt 0:00:00] White is weak on the dark squares} Qf5 (35... Nd4 36. Qxc5 Nxe2+ 37. Kg2 $11) 36. g4 $2 (36. Qc4 {keeps fighting.} Nd4 37. a3) 36... Qe5 37. Kg2 (37. Rd7+ $142 Re7 38. Rxe7+ Nxe7 (38... Qxe7 $2 39. Qc4 $19) 39. Kh1) 37... Nd4 38. Qc4 Re7 {[%emt 0:00:00] Prevents Qf7+.} 39. Qd3 Kg7 {[%emt 0:00:00] ...h5 is the strong threat.} 40. Rf1 Ne6 41. Qc2 Nf4+ 42. Kg1 Qf6 43. Qxc5 Nxe2+ {[%emt 0:00:00] Black mates.} 44. Kg2 Nf4+ 45. Kg3 e2 46. g5 Nh5+ {[%emt 0:07:30] Weighted Error Value: White=0.82/Black=0.22 (precise) .  Loses game:     	White=1     	---        Mistake:       	White=2     	Black=1      Inaccurate:     	White=6     	Black=2      OK:         	White=6     	Black=9      Best:        	White=1     	Black=1      Strong:       	---       	Black=1} 0-1